 Dungeon Crawl Stone Soup version 0.32-a0-797-gee37984 (webtiles) character file.

Game seed: 17719939393564626396

1486955 Wizard1ke the Naga Barricade (level 27, 271/271 HPs)
             Began as a Naga Summoner on Mar 20, 2024.
             Was a High Priest of Sif Muna.
             Escaped with the Orb
             ... and 3 runes!
             The game lasted 03:07:51 (88442 turns).

Wizard1ke the Naga Barricade (Naga Summoner)       Turns: 88442, Time: 03:07:52

Health: 271/271    AC: 25    Str: 13      XL:     27
Magic:  30/51      EV:  6    Int: 26 (28) God:    Sif Muna [*****.]
Gold:   5875       SH: 29    Dex:  8      Spells: 20/66 levels left

rFire   + + +        n - staff "Anoetzown" {rC+ Int+3 Ice}
rCold   + + +        C - +6 tower shield of the Shining Light {rC++ Slay-4}
rNeg    + + .        j - +2 robe {Will+}
rPois   +            R - +2 hat "Xeeggi" {rF+ rN+ Int+4 Dex-5 SInv}
rElec   +            i - scarf {rC+ rF+}
rCorr   +            T - +2 pair of gloves {Stlth+}
SInv    +            W - +4 barding
Will    ++++.        B - amulet of faith
Stlth   +            b - ring "Walok" {rPois rN+ rCorr}
HPRegen 0.65/turn    a - ring of Fifehoju {rElec rF++ rC- MP+9 Int-5}
MPRegen 0.32/turn

%: faith
@: studying 4 skills, very slow
A: AC +9, large, see invisible, deformed body, poison resistance, slowness 2,
spit poison 1, naga tail 2, low MP 1, no potion heal 1, MP-powered wands
0: Orb of Zot
}: 3/15 runes: decaying, slimy, gossamer
a: Spit Poison, Renounce Religion, Channel Magic, Forget Spell, Divine Exegesis


You escaped.
You worshipped Sif Muna.
Sif Muna was extremely pleased with you.
You visited 12 branches of the dungeon, and saw 53 of its levels.
You also visited: Trove and Ice Cave.

You collected 6749 gold pieces.
You spent 874 gold pieces at shops.

Inventory:

Missiles
 y - 12 curare-tipped darts
 I - 6 throwing nets
Armour
 i - a scarf of resistance (worn)
 j - a +2 robe of willpower (worn)
 C - the +6 tower shield of the Shining Light (worn) {rC++ Slay-4}
   (You found it on level 3 of the Elven Halls)

   Slay-4:    It affects your accuracy & damage with ranged weapons and melee
   (-4).
   rC++:      It greatly protects you from cold.
 K - a +0 kite shield of cold resistance
 R - the +2 hat "Xeeggi" (worn) {rF+ rN+ Int+4 Dex-5 SInv}
   (You found it on level 2 of the Vaults)

   Int+4:     It affects your intelligence (+4).
   Dex-5:     It affects your dexterity (-5).
   rF+:       It protects you from fire.
   rN+:       It protects you from negative energy.
   SInv:      It lets you see invisible.
 T - a +2 pair of gloves of stealth (worn)
 W - a +4 barding (worn)
Magical Staves
 n - the staff "Anoetzown" (weapon) {rC+ Int+3 Ice}
   (You found it on level 3 of the Elven Halls)

   [staff of cold]

   Base accuracy: +5 Base damage: 5 Base attack delay: 1.2 This weapon's minimum
   attack delay (0.6) is reached at skill level 12.
   Int+3:     It affects your intelligence (+3).
   rC+:       It protects you from cold.
   Ice:       It increases the power of your Ice spells.
   It falls into the 'Staves' category.
   It is a one-handed weapon.
Jewellery
 a - the ring of Fifehoju (right hand) {rElec rF++ rC- MP+9 Int-5}
   (You bought it in a shop on level 2 of the Orcish Mines)

   [ring of magical power]

   Int-5:     It affects your intelligence (-5).
   rF++:      It greatly protects you from fire.
   rC-:       It makes you vulnerable to cold.
   rElec:     It insulates you from electricity.
   MP+9:      It affects your magic capacity (+9).
 b - the ring "Walok" (left hand) {rPois rN+ rCorr}
   (You took it off a deep elf zephyrmancer on level 2 of the Elven Halls)

   [ring of resist corrosion]

   rPois:     It protects you from poison.
   rN+:       It protects you from negative energy.
   rCorr:     It protects you from acid and corrosion.
 q - a +4 ring of protection
 r - the ring "Xuemm" {Fly rF+ Str+6}
   (You found it in an ice cave)

   [ring of flight]

   Str+6:     It affects your strength (+6).
   rF+:       It protects you from fire.
   Fly:       It grants you flight.
 s - the ring of Zoyp {rN+ Will+ Int+3}
   (You found it on level 5 of the Pits of Slime)

   [ring of willpower]

   Int+3:     It affects your intelligence (+3).
   rN+:       It protects you from negative energy.
   Will+:     It increases your willpower.
 u - the ring "Oneuk" {Will+ Str+6 Dex+3}
   (You took it off a deep elf annihilator on level 3 of the Elven Halls)

   [ring of strength]

   Str+6:     It affects your strength (+6).
   Dex+3:     It affects your dexterity (+3).
   Will+:     It increases your willpower.
 B - an amulet of faith (around neck)
 Z - an amulet of regeneration
Wands
 H - a wand of digging (41)
 L - a wand of acid (27)
 P - a wand of paralysis (23)
 Q - a wand of warping (58)
 X - a wand of mindburst (29)
Scrolls
 c - 7 scrolls of fog
 d - 11 scrolls of teleportation
 f - 2 scrolls of blinking
 g - 9 scrolls of immolation
 h - 16 scrolls of poison
 k - 6 scrolls of summoning
 l - 3 scrolls of fear
 o - 5 scrolls of silence {!r}
 p - 9 scrolls of vulnerability
 z - 3 scrolls of revelation
 O - a scroll of acquirement
 S - 6 scrolls of torment
Potions
 e - 6 potions of resistance
 m - 4 potions of cancellation
 v - 14 potions of brilliance
 w - 8 potions of attraction
 x - 18 potions of curing
 A - 10 potions of haste
 D - 4 potions of invisibility
 E - 7 potions of enlightenment
 F - 3 potions of mutation
 G - 3 potions of heal wounds
 M - 5 potions of magic
 V - 5 potions of lignification
 Y - 2 potions of ambrosia
Miscellaneous
 J - a phantom mirror
 N - a sack of spiders
 U - a lightning rod (4/4)


   Skills:
 + Level 20.5 Fighting
 - Level 1.5 Dodging
 - Level 3.0 Stealth
 O Level 27 Shields
 - Level 20.0 Spellcasting
 - Level 26.9 Summonings
 - Level 3.0 Fire Magic
 - Level 10.0 Invocations


You had 20 spell levels left.
You knew the following spells:

 Your Spells              Type           Power      Damage    Failure   Level
a - Summon Horrible Thin  Summ           52%        N/A       1%          8
b - Dragon's Call         Summ           52%        N/A       2%          9
c - Blink                 Tloc           52%        N/A       2%          2
e - Summon Forest         Summ/Tloc      38%        N/A       1%          5
f - Monstrous Menagerie   Summ           52%        N/A       1%          7
g - Summon Cactus Giant   Summ           52%        N/A       0%          6
h - Martyr's Knell        Necr/Summ      77%        N/A       1%          4
i - Summon Mana Viper     Hex/Summ       77%        N/A       1%          5

Your spell library contained the following spells:

 Spells                   Type           Power      Damage    Failure   Level
 Summon Small Mammal      Summ           100%       N/A       0%          1
 Call Imp                 Summ           100%       N/A       0%          2
 Call Canine Familiar     Summ           100%       N/A       0%          3
 Apportation              Tloc           52%        N/A       1%          1
 Foxfire                  Conj/Fire      100%       2x1d9     1%          1
 Freeze                   Ice            100%       1d10      1%          1
 Kiss of Death            Conj/Necr      100%       2d13      1%          1
 Magic Dart               Conj           100%       1d8       1%          1
 Necrotise                Necr           100%       1d9       1%          1
 Sandblast                Erth           52%        2d12      1%          1
 Shock                    Conj/Air       100%       1d9       1%          1
 Slow                     Hex            100%       N/A       1%          1
 Sting                    Conj/Alch      100%       1d9       1%          1
 Summon Ice Beast         Ice/Summ       97%        N/A       1%          3
 Animate Armour           Summ/Erth      100%       N/A       1%          4
 Summon Blazeheart Golem  Fire/Summ      81%        N/A       1%          4
 Summon Lightning Spire   Summ/Air       77%        N/A       1%          4
 Summon Hydra             Summ           52%        N/A       1%          7
 Cigotuvi's Dreadful Rot  Necr/Alch/Air  52%        N/A       2%          2
 Ensorcelled Hibernation  Hex/Ice        78%        N/A       2%          2
 Jinxbite                 Hex            52%        N/A       2%          2
 Lesser Beckoning         Tloc           52%        N/A       2%          2
 Momentum Strike          Conj/Tloc      52%        3d9       2%          2
 Searing Ray              Conj           52%        2d6       2%          2
 Static Discharge         Conj/Air       52%        3-6/arc   2%          2
 Sublimation of Blood     Necr           26%        N/A       2%          2
 Inner Flame              Hex/Fire       33%        N/A       2%          3
 Volatile Blastmotes      Fire/Tloc      66%        2d15      2%          3
 Confusing Touch          Hex            26%        N/A       4%          3
 Dazzling Flash           Conj/Hex       52%        N/A       4%          3
 Frozen Ramparts          Ice            78%        1d12      4%          3
 Fugue of the Fallen      Necr           26%        N/A       4%          3
 Gell's Gravitas          Tloc           26%        N/A       4%          3
 Hailstorm                Conj/Ice       39%        3d9       4%          3
 Mephitic Cloud           Conj/Alch/Air  26%        N/A       4%          3
 Passwall                 Erth           26%        N/A       4%          3
 Sigil of Binding         Hex            26%        N/A       4%          3
 Stone Arrow              Conj/Erth      52%        3d10      4%          3
 Swiftness                Air            26%        N/A       4%          3
 Teleport Other           Tloc           26%        N/A       4%          3
 Tukima's Dance           Hex            26%        N/A       4%          3
 Vampiric Draining        Necr           26%        2d7       4%          3
 Haunt                    Necr/Summ      38%        N/A       5%          7
 Malign Gateway           Summ/Tloc      38%        N/A       5%          7
 Spellforged Servitor     Conj/Summ      38%        N/A       5%          7
 Flame Wave               Conj/Fire      33%        2d10      9%          4
 Ignite Poison            Fire/Alch      33%        N/A       9%          4
 Sticky Flame             Fire/Alch      33%        2d7       9%          4
 Airstrike                Air            13%        2d(2-18)  16%         4
 Anguish                  Hex/Necr       13%        N/A       16%         4
 Brom's Barrelling Bould  Conj/Erth      26%        2d5       16%         4
 Dimensional Bullseye     Hex/Tloc       13%        N/A       16%         4
 Dispel Undead            Necr           26%        3d13      16%         4
 Fulminant Prism          Conj/Alch      13%        3d9       16%         4
 Iskenderun's Mystic Bla  Conj/Tloc      26%        2d7       16%         4
 Leda's Liquefaction      Alch/Erth      13%        N/A       16%         4
 Manifold Assault         Tloc           26%        N/A       16%         4
 Olgreb's Toxic Radiance  Alch           26%        N/A       16%         4
 Passage of Golubria      Tloc           26%        N/A       16%         4
 Petrify                  Alch/Erth      26%        N/A       16%         4
 Vhi's Electric Charge    Tloc/Air       52%        N/A       16%         4
 Fireball                 Conj/Fire      16%        3d8       24%         5
 Arcjolt                  Conj/Air       13%        1d23      41%         5
 Borgnjor's Vile Clutch   Necr/Erth      13%        N/A       41%         5
 Curse of Agony           Necr           26%        N/A       41%         5
 Freezing Cloud           Conj/Ice/Air   19%        6-21      41%         5
 Irradiate                Conj/Alch      13%        3d16      41%         5
 Iskenderun's Battlesphe  Conj           26%        2d8       41%         5
 Lee's Rapid Deconstruct  Erth           13%        3d9*      41%         5
 Metabolic Englaciation   Hex/Ice        19%        N/A       41%         5
 Silence                  Hex/Air        13%        N/A       41%         5
 Yara's Violent Unravell  Hex/Alch       13%        3d7       41%         5
 Plasma Beam              Fire/Air       16%        2x1d28    80%         6
 Starburst                Conj/Fire      16%        6d6       80%         6
 Bombard                  Conj/Erth      13%        9d3       94%         6
 Conjure Ball Lightning   Conj/Air       13%        3x3d6     94%         6
 Death Channel            Necr           13%        N/A       94%         6
 Dispersal                Tloc           13%        N/A       94%         6
 Eringya's Noxious Bog    Alch           13%        4d6       94%         6
 Permafrost Eruption      Ice/Erth       19%        2x4d6     94%         6
 Sculpt Simulacrum        Ice/Alch       19%        N/A       94%         6
 Enfeeble                 Hex            13%        N/A       100%        7
 Orb of Destruction       Conj           13%        9d7       100%        7
 Disjunction              Tloc           13%        N/A       100%        8
 Ignition                 Fire           20%        3d7       100%        8
 Infestation              Necr           13%        N/A       100%        8
 Lehudib's Crystal Spear  Conj/Erth      13%        10d4      100%        8
 Chain Lightning          Conj/Air       13%        3d17      100%        9
 Death's Door             Necr           13%        N/A       100%        9
 Fire Storm               Conj/Fire      16%        8d4       100%        9
 Polar Vortex             Ice            19%        12d2*     100%        9
 Shatter                  Erth           13%        3d13*     100%        9


Dungeon Overview and Level Annotations

Branches:
Dungeon (15/15)            Temple (1/1) D:6            Lair (5/5) D:9
  Swamp (4/4) Lair:3       Spider (4/4) Lair:3        Slime (5/5) Lair:4
    Orc (2/2) D:9             Elf (3/3) Orc:2        Vaults (4/5) D:13
  Crypt (1/3) Vaults:3     Depths (4/4) D:15            Zot (5/5) Depths:4
  IceCv (visited)

Altars:
Ashenzari
Cheibriados
Dithmenos
Elyvilon
Fedhas
Gozag
Hepliaklqana
Kikubaaqudgha
Makhleb
Nemelex Xobeh
Okawaru
Qazlal
Ru
Sif Muna
Trog
Uskayaw
Vehumet
Wu Jian
Xom
Yredelemnul
Zin
The Shining One
Beogh
Jiyva
Lugonu

Shops:
Orc:1 (   Orc:2 (=(*[   Elf:3 *   Vaults:1 :   Vaults:2 (   Vaults:3 [*
Vaults:4 [

Portals:
Hell: Depths:1 Depths:2 Depths:3 Depths:4
Abyss: Lair:5 Vaults:4 Depths:3
Pandemonium: Depths:1 Depths:2
Ziggurat: Depths:2

Annotations:
D:6 6 exclusions
Lair:2 exclusion: oklob plant
Swamp:1 2 transporters, exclusion: obsidian statue
Elf:2 1 runed translucent door, exclusion: door, dilly's ghost, adept CoEE
Vaults:4 2 transporters, blister's ghost, veteran OpSh
Vaults:5 !vaults warning
Crypt:1 3 runed translucent doors, Osipn's ghost, veteran MiGl


Innate Abilities, Weirdness & Mutations

Your serpentine skin is tough. (AC +9)
You have supernaturally acute eyesight. (SInv)
Armour fits poorly on your strangely shaped body.
Your system is resistant to poisons. (rPois)
You cover ground very slowly.
You can spit poison.
You can use your snake-like lower body to constrict enemies.
Your magical capacity is low. (-10% MP)
Potions are less effective at restoring your health.
You expend magic power (3 MP) to strengthen your wands.


Message History

The Orb Guardian dies!
Sif Muna accepts your kill.
(D) Dungeon (T) Temple (L) Lair (S) Swamp (N) Spider Nest (M) Slime Pits (O) Orcish Mines (E) Elven Halls (V) Vaults (C) Crypt (U) Depths (H) Hell (Z) Zot
Where to? (Tab/Enter - D:1 @ (x,y), ? - help)
You open the door.
You can once more reach out to the dragon horde.
There is an open door here.
Your large abomination disappears in a puff of smoke!
There is an escape hatch in the floor here.
You see here a +0 whip.
Your tentacled monstrosity disappears in a puff of smoke!
A rust devil comes into view.
Casting: Summon Horrible Things (mildly dangerous; 1% risk of failure)
Confirm with . or Enter, or press ? or * to list all spells.
You swap places.
Your large abomination barely misses the rust devil.
You block the rust devil's attack.
Your large abomination hits the rust devil!!
Your large abomination hits the rust devil!
You swap places.
The rust devil hits your tentacled monstrosity!
The rust devil corrodes your tentacled monstrosity!
Your tentacled monstrosity tentacle-slaps the rust devil but does no damage.
Your tentacled monstrosity tentacle-slaps the rust devil!
Your tentacled monstrosity tentacle-slaps the rust devil but does no damage.
Your large abomination hits the rust devil!
The rust devil dies!
Sif Muna accepts your kill.
Your large abomination disappears in a puff of smoke!
Your tentacled monstrosity is no longer covered in acid.
Blink to where?
Press: ? - help, Dir - move target
As you read the scroll of blinking, it crumbles to dust.
Blink to where?
Press: ? - help, Dir - move target
As you read the scroll of blinking, it crumbles to dust.
You have escaped!

##.##.##.#####.##.###.# #.# #
#.##.##.# ##'##.###.###†# ###
#.......# #...#.........# #..
####.#### #########..#########.#
##..# ###########........##.#
##...######ß$ß#..ß##.#...##X##.#
#.......+##...#....'.....X.X.XX.
##...######ß..#..♣##.#...##.##.#
##..# #ß_.>#@...+.##.###.##.#
##.# ##ß..#..♣##.##.........
##†# ##...#....+.##.###.###.
#..# ##ß.ß#..ß##.##.###.# #.
####.################.##.....#
#. .........#
#########..##..#### #.
.###.###.# ##.####...##..# #. .#
#.# #.# ##...#...####..######)
.# #.###.###......### #..).[....


There were no monsters in sight!

Vanquished Creatures
  2 ghost moths (Spider:4)
  An eleionoma (Swamp:2)
  A great orb of eyes (Vaults:1)
  A two-headed ogre (D:11)
  A tengu warrior (D:8)
  A demonic crawler (Spider:4)
  A skyshark (Lair:2)
  An arcanist (Vaults:1)
  A swamp dragon (Swamp:4)
  A sun moth (Spider:4)
  4 nameless horrors
  A deep elf pyromancer (Elf:1)
  Maurice (D:9)
  Joseph (D:9)
  5 elephants
  An ice statue (Spider:3)
  4 cane toads
  Maggie (D:6)
  2 komodo dragons (Lair:1)
  3 trolls (D:11)
  A raiju (Lair:5)
  5 blink frogs
  5 dream sheep
  A jumping spider (Spider:4)
  A shadow (D:11)
  A small abomination (Lair:5)
  27 yaks
  3 wyverns
  A warg (Orc:2)
  3 redbacks (Spider:4)
  Grum (D:9)
  3 vampire mosquitoes (D:11)
  A basilisk (D:9)
  Menkaure (D:5)
  3 water moccasins (Lair:2)
  2 sky beasts
  A black bear (D:9)
  2 orc warriors
  An ogre (D:7)
  4 centaurs
  3 wolves (D:9)
  A phantom (D:4)
  A kobold brigand (D:5)
  2 bullfrogs (Lair:1)
  3 wights
  Dowan (D:6)
  7 killer bees
  2 orc priests
  A sleepcap (D:4)
  3 iguanas
  4 orc wizards
  4 adders
  A white imp (D:7)
  An ufetubus (D:5)
  A dart slug (D:5)
  5 orcs
  A bat (D:2)
  2 endoplasms
  A jackal (D:1)
  6 kobolds
  A quokka (D:4)
  3 training dummies (Orc:2)
  A rat (D:2)
156 creatures vanquished.

Vanquished Creatures (collateral kills)
  the Royal Jelly (Slime:5)
  A dread lich (Zot:5)
  Frederick (Vaults:2)
  2 ancient liches
  A pandemonium lord (Depths:4)
  10 orbs of fire (Zot:5)
  Josephina (Zot:4)
  6 Killer Klowns
  Boris (Depths:4)
  Saint Roka (Crypt:1)
  A caustic shrike (Depths:3)
  2 curse toes
  7 golden dragons
  Norris (Elf:3)
  A profane servitor (Vaults:4)
  A Tzitzimitl (D:14)
  5 electric golems
  A hellephant (Depths:2)
  An Ice Fiend (D:3)
  Zenata (Vaults:3)
  16 tentacled monstrosities
  A walking crystal tome (Depths:3)
  28 Orb Guardians
  4 liches
  4 quicksilver dragons
  3 deep elf master archers (Elf:3)
  2 walking divine tomes (Depths:1)
  4 deep elf blademasters
  A sphinx (Vaults:2)
  2 ancient champions (Crypt:1)
  7 death cobs
  20 acid blobs
  4 tengu reavers
  8 shadow dragons
  7 storm dragons
  2 thorn hunters
  9 protean progenitors
  3 revenants (Crypt:1)
  4 draconian monks
  Roxanne (Elf:3)
  5 frost giants
  19 rockslimes
  5 draconian knights
  21 azure jellies
  8 deep elf sorcerers
  5 draconian shifters
  3 iron dragons
  3 fire giants
  14 vault wardens
  5 emperor scorpions
  3 draconian scorchers
  2 deep elf elementalists (Elf:3)
  4 angels (Zot:1)
  3 draconian annihilators
  5 ghost moths
  A reaper (D:14)
  9 stone giants
  A caustic shrike skeleton (Crypt:1)
  18 quicksilver oozes
  26 very ugly things
  2 ghouls (Crypt:1)
  A cacodemon (Zot:1)
  7 formless jellyfish
  The ghost of lykaon the Martial Artist, a journeyman DgIE (Swamp:1)
  A demonspawn blood saint (Zot:1)
  2 orc warlords
  7 broodmothers
  2 grey draconians (Depths:4)
  9 ironbound thunderhulks
  19 ironbound preservers
  A spriggan defender (Depths:3)
  3 lorocyprocas
  11 vampire knights
  5 bunyips
  6 deep elf demonologists
  3 eleionomae
  5 purple draconians
  9 green draconians
  A war gargoyle (Vaults:2)
  8 black draconians
  6 deep elf annihilators
  15 dire elephants
  7 white draconians
  6 deep elf death magi
  3 yellow draconians
  10 spark wasps
  7 eidola
  Azrael (Spider:3)
  A merfolk javelineer (Depths:4)
  3 red draconians
  A crystal guardian (Vaults:2)
  6 entropy weavers
  19 ettins
  2 blizzard demons
  12 yaktaur captains
  3 deep elf high priests (Elf:3)
  8 jiangshi (Crypt:1)
  9 fire dragons
  12 great orbs of eyes
  16 hydras
  3 peacekeepers
  3 rakshasas
  11 vault guards
  Harold (D:9)
  A quicksilver dragon skeleton (Crypt:1)
  2 ghost crabs
  2 hell beasts
  7 ironbound frosthearts
  20 ice dragons
  12 centaur warriors
  5 spriggan air magi
  Erica (Orc:1)
  5 radroaches
  2 salamander tyrants (Depths:2)
  2 death knights
  11 alligators
  8 boulder beetles
  2 anacondas (Zot:3)
  26 dancing weapons
  8 deep troll shamans
  A jorogumo (Spider:1)
  4 death yaks (Lair:5)
  6 tengu warriors
  3 thrashing horrors (Lair:5)
  2 two-headed ogres
  7 demonic crawlers
  6 vampire magi
  10 spriggan berserkers
  An occultist (Depths:3)
  9 deep troll earth magi
  2 orc high priests (Crypt:1)
  2 shock serpents (shapeshifter) (Zot:1)
  A soul eater (Crypt:1)
  5 iron trolls
  4 hell knights
  12 deep elf knights
  A wretched star (Vaults:4)
  A sixfirhy (Depths:3)
  4 skysharks
  A shadow wraith (Crypt:1)
  11 skeletal warriors
  72 deep trolls
  10 orb spiders
  A quicksilver dragon simulacrum (Zot:4)
  4 pharaoh ants
  12 swamp dragons
  10 goliath frogs
  10 bog bodies
  An orb spider (shapeshifter) (Zot:1)
  4 glowing orange brains
  2 spriggan druids
  A shadow demon (Depths:2)
  A spark wasp zombie (Crypt:1)
  16 ironbound convokers
  6 flayed ghosts (Crypt:1)
  5 phantasmal warriors
  8 thermic dynamos
  A sun moth (Spider:1)
  24 deep elf zephyrmancers
  8 deep elf archers
  3 orange crystal statues (IceCv)
  2 obsidian bats
  6 arcanists
  10 lindwurms
  32 deep elf pyromancers
  7 steelbarb worms
  4 orc knights
  13 cyclopes
  An oklob plant (Lair:5)
  21 wolf spiders
  2 tengu skeletons (Vaults:2)
  7 necromancers
  A shadow dragon skeleton (Crypt:1)
  4 shining eyes
  23 moths of wrath
  A manticore (Zot:1)
  A human zombie (Vaults:2)
  A salamander (shapeshifter) (Lair:5)
  3 large abominations
  An iron dragon skeleton (Crypt:1)
  3 will-o-the-wisps
  31 ugly things
  14 elephants
  3 kobold blastminers
  An orc zombie (Crypt:1)
  3 rust devils
  4 black mambas
  10 vault sentinels
  4 eyes of devastation
  A centaur skeleton (Crypt:1)
  4 gargoyles
  8 torpor snails
  A dire elephant skeleton (Crypt:1)
  8 cane toads
  A kobold demonologist (D:12)
  4 orange demons
  2 efreet (D:15)
  An ice devil (Zot:1)
  A yaktaur zombie (Vaults:3)
  2 tormentors
  19 yaktaurs
  2 freezing wraiths (Crypt:1)
  7 komodo dragons
  7 tengu conjurers
  A catoblepas skeleton (Crypt:1)
  A bloated husk (Swamp:4)
  A guardian mummy (Vaults:3)
  4 trolls
  5 hornets
  11 tyrant leeches
  A troll (shapeshifter) (Lair:5)
  2 polar bears (Lair:5)
  19 tarantellas
  13 dream sheep
  3 glass eyes
  17 blink frogs
  A draconian simulacrum (Zot:4)
  A jumping spider (shapeshifter) (D:13)
  A dream sheep (shapeshifter) (Elf:1)
  An ettin zombie (Vaults:2)
  20 jumping spiders
  A frost giant simulacrum (Vaults:2)
  Sigmund (D:2)
  2 air elementals (Elf:1)
  A shadow (D:12)
  89 slime creatures
  3 ynoxinuls
  20 culicivoras
  3 fire elementals
  6 spriggans
  5 wyverns
  6 small abominations (Lair:5)
  5 water elementals
  20 yaks
  A spriggan (shapeshifter) (Lair:5)
  3 wraiths (Crypt:1)
  A hog (shapeshifter) (Elf:3)
  6 basilisks (Lair:5)
  20 nameless horrors
  2 basilisks (shapeshifter) (D:15)
  3 fire bats (Lair:1)
  A warg (Orc:2)
  50 redbacks
  2 neqoxecs (Depths:4)
  A red draconian simulacrum (Zot:4)
  3 vampire mosquitoes
  5 chaos spawn
  A redback (shapeshifter) (Vaults:3)
  An elf skeleton (Vaults:2)
  An acid dragon (D:12)
  A swamp worm (shapeshifter) (Depths:3)
  13 swamp worms
  10 water moccasins
  2 great orb of eyes simulacra (IceCv)
  8 hell hounds
  Duvessa (D:6)
  A moth of wrath simulacrum (Zot:4)
  A two-headed ogre skeleton (Crypt:1)
  A water moccasin (shapeshifter) (D:13)
  11 swamp drakes
  2 sky beasts
  12 laughing skulls
  4 ogres
  10 orc warriors
  4 wolves
  5 human skeletons
  13 centaurs
  3 slime creature simulacra (IceCv)
  A gnoll sergeant (D:12)
  9 bullfrogs
  3 earth elementals
  3 scorpions
  6 glowing shapeshifter simulacra (IceCv)
  A wight (D:7)
  6 killer bees (D:9)
  2 electric eels (Lair:3)
  4 howler monkeys
  2 bombardier beetles
  A lava snake (D:12)
  A hound (D:6)
  6 jellies
  A gnoll bouda (D:7)
  8 orc priests
  A sleepcap (D:7)
  Terence (D:3)
  4 iguanas
  8 orc wizards
  A hound skeleton (Crypt:1)
  7 gnolls
  6 adders
  A shadow imp (D:7)
  4 white imps
  3 ufetubi
  2 dart slugs
  4 ribbon worms
  38 orcs
  8 ball pythons
  5 bats
  9 endoplasms
  5 giant cockroaches
  2 goblins
  6 hobgoblins
  5 jackals
  22 kobolds
  2 quokkas
  5 frilled lizards
  2 rats
  A river rat zombie (Crypt:1)
  5 aspiring fleshes
  A butterfly (Zot:1)
  A spectral weapon (Elf:2)
1971 creatures vanquished.

Vanquished Creatures (others)
  A fire giant (Depths:2)
  A deep elf elementalist (Elf:3)
  A deep troll shaman (Depths:1)
  2 deep elf knights (Elf:2)
  A deep elf zephyrmancer (Elf:1)
  A moth of wrath (Spider:3)
  3 bloated husks
  A tarantella (Spider:3)
  A fire elemental (Spider:3)
  2 nameless horrors
  A redback (Spider:4)
  A laughing skull (Crypt:1)
  78 blazeheart cores
  8 foxfires
102 creatures vanquished.

Grand Total: 2229 creatures vanquished

Notes
Turn   | Place    | Note
-------+----------+-------------------------------------------
     0 | D:1      | Wizard1ke the Naga Summoner began the quest for the Orb.
     0 | D:1      | Reached XP level 1. HP: 15/15 MP: 3/3
   327 | D:1      | Reached XP level 2. HP: 22/22 MP: 1/5
   345 | D:1      | Learned a level 2 spell: Call Imp
   940 | D:1      | Reached XP level 3. HP: 28/28 MP: 6/6
   944 | D:1      | Learned a level 3 spell: Call Canine Familiar
  1592 | D:2      | Identified the +5 spear of Ascent {venom, rN+ Dex+4}
  1869 | D:2      | Reached XP level 4. HP: 36/36 MP: 8/8
  1903 | D:2      | Noticed Sigmund
  1924 | D:2      | Killed Sigmund
  1925 | D:2      | Reached skill level 5 in Summonings
  1925 | D:2      | Reached XP level 5. HP: 40/42 MP: 2/11
  1925 | D:2      | Reached XP level 6. HP: 47/49 MP: 2/12
  2438 | D:3      | Noticed Terence
  2464 | D:3      | Killed Terence
  2666 | D:3      | Learned a level 4 spell: Summon Blazeheart Golem
  3228 | D:4      | Reached skill level 5 in Spellcasting
  3228 | D:4      | Reached XP level 7. HP: 40/55 MP: 12/14
  3379 | D:4      | Found a snail-covered altar of Cheibriados.
  3868 | D:4      | Found an ancient bone altar of Kikubaaqudgha.
  4296 | D:5      | Entered Level 5 of the Dungeon
  4431 | D:5      | Reached skill level 1 in Fire Magic
  4431 | D:5      | Reached XP level 8. HP: 57/62 MP: 5/16
  4728 | D:5      | Identified the +3 ring mail "Atadwet" {^Contam Rampage
                  | rElec Slay+3}
  4780 | D:5      | Noticed Menkaure
  4786 | D:5      | Killed Menkaure
  6072 | D:6      | Noticed Duvessa
  6077 | D:6      | Noticed Dowan
  6082 | D:6      | Killed Duvessa
  6083 | D:6      | Reached XP level 9. HP: 66/68 MP: 15/19
  6083 | D:6      | Killed Dowan
  6255 | D:6      | Found a staircase to the Ecumenical Temple.
  6264 | Temple   | Entered the Ecumenical Temple
  6270 | Temple   | Learned a level 4 spell: Martyr's Knell
  6274 | Temple   | Became a worshipper of Sif Muna the Loreminder
  6298 | D:6      | Noticed Maggie
  6305 | D:6      | Killed Maggie
  7292 | D:7      | Reached skill level 10 in Summonings
  7714 | D:8      | Noticed a tengu warrior
  7722 | D:8      | Killed a tengu warrior
  7723 | D:8      | Reached XP level 10. HP: 75/75 MP: 18/22
  7947 | D:8      | Paralysed by a hornet for 1 turns
  7954 | D:8      | Reached * piety under Sif Muna
  8096 | D:8      | Reached skill level 1 in Fighting
  8286 | D:8      | Found a stormy altar of Qazlal.
  8854 | D:8      | Found a roughly hewn altar of Beogh.
  9034 | D:9      | Found a staircase to the Orcish Mines.
  9052 | D:8      | Reached skill level 5 in Fighting
  9229 | D:9      | Noticed Joseph
  9241 | D:9      | Killed Joseph
  9251 | D:9      | Reached ** piety under Sif Muna
  9383 | D:9      | Found a radiant altar of Vehumet.
  9385 | D:9      | Noticed Grum
  9389 | D:9      | Killed Grum
  9390 | D:9      | Reached XP level 11. HP: 81/94 MP: 19/23
  9477 | D:9      | Found a staircase to the Lair.
  9481 | D:9      | Noticed Harold
  9512 | D:9      | Killed Harold
  9837 | D:9      | Noticed Maurice
  9845 | D:9      | Killed Maurice
 10433 | D:10     | Entered Level 10 of the Dungeon
 10730 | D:10     | Found a glowing silver altar of Zin.
 10730 | D:10     | Found a shadowy altar of Dithmenos.
 10818 | D:10     | Found a burning altar of Makhleb.
 10957 | D:10     | Reached skill level 1 in Shields
 11561 | Lair:1   | Entered Level 1 of the Lair of Beasts
 11674 | D:11     | Reached skill level 2 in Shields
 11889 | D:11     | Reached skill level 3 in Shields
 12050 | D:11     | Reached skill level 15 in Summonings
 12106 | D:11     | Reached *** piety under Sif Muna
 12107 | D:11     | Reached skill level 4 in Shields
 12294 | D:11     | Noticed a two-headed ogre
 12299 | D:11     | Killed a two-headed ogre
 12300 | D:11     | Reached skill level 5 in Shields
 12656 | D:9      | Reached XP level 12. HP: 82/103 MP: 16/24
 12680 | D:9      | Reached skill level 6 in Shields
 13056 | Lair:1   | Reached skill level 7 in Shields
 13211 | Lair:1   | Reached skill level 8 in Shields
 13473 | Lair:1   | Reached **** piety under Sif Muna
 13474 | Lair:1   | Reached skill level 9 in Shields
 14275 | Lair:2   | Noticed a skyshark
 14282 | Lair:2   | Killed a skyshark
 14283 | Lair:2   | Reached skill level 10 in Shields
 14713 | Lair:2   | Learned a level 7 spell: Monstrous Menagerie
 14719 | Lair:2   | Learned a level 5 spell: Summon Mana Viper
 16017 | Lair:3   | Gained mutation: You can use your snake-like lower body to
                  | constrict enemies. [Naga growth]
 16017 | Lair:3   | Reached XP level 13. HP: 99/109 MP: 17/25
 16357 | Lair:3   | Found a staircase to the Swamp.
 16774 | Lair:3   | Found a hole to the Spider Nest.
 17670 | Lair:4   | Reached ***** piety under Sif Muna
 17770 | Lair:4   | Found a staircase to the Slime Pits.
 17771 | Lair:4   | Found a viscous altar of Jiyva.
 18026 | Lair:4   | Reached skill level 10 in Spellcasting
 18654 | Lair:5   | Entered Level 5 of the Lair of Beasts
 19121 | Lair:5   | Received a gift from Sif Muna
 19465 | Lair:5   | Reached XP level 14. HP: 117/117 MP: 15/29
 20176 | Lair:5   | Received a gift from Sif Muna
 20186 | Lair:5   | Got Sif Muna's Commentary on the Collected Valley {god
                  | gift}
 20193 | Lair:5   | Learned a level 5 spell: Summon Forest
 20214 | Lair:5   | Learned a level 6 spell: Summon Cactus Giant
 20994 | Lair:5   | Reached skill level 1 in Invocations
 21096 | Lair:5   | Got the Guide on Conduction and Fascination
 21472 | Lair:5   | Found a corrupted altar of Lugonu.
 21472 | Lair:5   | Found a one-way gate to the infinite horrors of the Abyss.
 22323 | D:12     | Identified the +3 hand axe of Anger {flame, Dex+7}
 22764 | D:12     | Found the +0 toga "Victory" {*Victory Clar}
 23419 | D:12     | Reached skill level 5 in Invocations
 24081 | D:13     | Reached XP level 15. HP: 102/123 MP: 4/31
 24250 | D:13     | Found a gate to the Vaults.
 25487 | Orc:1    | Entered Level 1 of the Orcish Mines
 25579 | Orc:1    | Noticed Erica
 25588 | Orc:1    | Killed Erica
 25780 | Orc:1    | Found a roughly hewn altar of Beogh.
 25795 | Orc:1    | Found Iquamenga's Weapon Shop.
 26372 | Orc:2    | Entered Level 2 of the Orcish Mines
 26637 | Orc:2    | Found Waupetec's Firing Range.
 26641 | Orc:2    | Bought a throwing net for 51 gold pieces
 26674 | Orc:2    | Received a gift from Sif Muna
 26847 | Orc:2    | Found Ihom's General Store.
 27028 | Orc:2    | Found a staircase to the Elven Halls.
 27049 | Orc:2    | Found Fipry's Jewellery Shoppe.
 27568 | Orc:2    | Found Gyaxenix's Antique Weapon Boutique.
 27672 | Orc:2    | Found Pocoplau's Antique Armour Shoppe.
 27779 | Orc:2    | Bought a potion of haste for 110 gold pieces
 27779 | Orc:2    | Bought a potion of curing for 33 gold pieces
 28984 | D:15     | Entered Level 15 of the Dungeon
 29116 | D:15     | Found a staircase to the Depths.
 29276 | D:15     | Found a broken altar of Ashenzari.
 30110 | D:15     | Received a gift from Sif Muna
 30111 | D:15     | Got Sif Muna's Omnibus of the Angular Anticline {god gift}
 30599 | Swamp:1  | Entered Level 1 of the Swamp
 30944 | Swamp:1  | Reached XP level 16. HP: 135/135 MP: 21/32
 31372 | Swamp:1  | Found a transporter.
 31374 | Swamp:1  | Noticed a tentacled monstrosity
 31374 | Swamp:1  | Noticed a thorn hunter
 31378 | Swamp:1  | Noticed a thorn hunter
 31382 | Swamp:1  | Found a transporter.
 31394 | Swamp:1  | Noticed a tentacled monstrosity
 31639 | Swamp:1  | Noticed a fenstrider witch
 32157 | Swamp:1  | Found a runed translucent door.
 32173 | Swamp:1  | Noticed lykaon's ghost (journeyman DgIE)
 32277 | Swamp:1  | Killed lykaon's ghost
 32278 | Swamp:1  | Reached skill level 10 in Invocations
 32795 | Swamp:2  | Identified the +8 short sword of War {flame, rC+ rN+ Dex+3
                  | SInv}
 32812 | Swamp:2  | Noticed a thorn hunter
 32820 | Swamp:2  | Killed a thorn hunter
 33760 | Swamp:3  | Reached skill level 10 in Fighting
 34762 | Swamp:4  | Entered Level 4 of the Swamp
 35222 | Swamp:4  | Received a gift from Sif Muna
 35223 | Swamp:4  | Got Aghumn's Opusculum on the Comitatus and Blows {god
                  | gift}
 35236 | Swamp:4  | Learned a level 8 spell: Summon Horrible Things
 35544 | Swamp:4  | Noticed a thorn hunter
 35558 | Swamp:4  | Killed a thorn hunter
 36224 | Swamp:4  | Reached XP level 17. HP: 133/153 MP: 10/33
 36685 | Swamp:4  | Got a decaying rune of Zot
 36901 | Spider:1 | Entered Level 1 of the Spider Nest
 38219 | Spider:1 | Identified the +4 ring mail of Ledghuph {rN+ Str+5}
 39883 | Spider:2 | Received a gift from Sif Muna
 39884 | Spider:2 | Got Gaukluon's Lectures on the Tectonic Pestle {god gift}
 41220 | Spider:3 | Noticed Azrael
 41597 | Spider:3 | Found a glacial archway.
 41781 | IceCv    | Entered an ice cave
 42730 | IceCv    | Reached XP level 18. HP: 160/160 MP: 9/34
 43324 | IceCv    | Found a viscous altar of Jiyva.
 43358 | IceCv    | Received a gift from Sif Muna
 43373 | IceCv    | Identified the ring "Xuemm" {Fly rF+ Str+6}
 43378 | IceCv    | Identified the ring of Culit {rPois Will+}
 43660 | Spider:3 | Killed Azrael
 44430 | Spider:4 | Entered Level 4 of the Spider Nest
 45701 | Spider:4 | Received a gift from Sif Muna
 45759 | Spider:4 | Got Sif Muna's Tome of Doom and Attendants {god gift}
 46331 | Spider:4 | Got a gossamer rune of Zot
 47449 | Vaults:1 | Entered Level 1 of the Vaults
 48442 | Vaults:1 | Reached XP level 19. HP: 168/168 MP: 24/36
 48722 | Vaults:1 | Received a gift from Sif Muna
 49424 | Vaults:1 | Found Zoegoerr's Book Shop.
 50467 | Vaults:2 | Received a gift from Sif Muna
 50641 | Vaults:2 | Got Sif Muna's Commentary on Glowing Violence {god gift}
 51111 | Vaults:2 | Identified the orb of Lodokadu {light, rElec rF+ rCorr
                  | Int-2}
 51111 | Vaults:2 | Noticed Frederick
 51124 | Vaults:2 | Killed Frederick
 51261 | Vaults:2 | Learned a level 9 spell: Dragon's Call
 52352 | Vaults:2 | Found a radiant altar of Vehumet.
 52359 | Vaults:2 | Reached XP level 20. HP: 148/176 MP: 15/38
 52366 | Vaults:2 | Identified the +2 hat "Xeeggi" {rF+ rN+ Int+4 Dex-5 SInv}
 52554 | Vaults:2 | Found Zolutuoj's Weapon Shoppe.
 52576 | Vaults:2 | Identified the +9 chain mail of the Guava {Harm rPois}
 52800 | Vaults:3 | Received a gift from Sif Muna
 52961 | Vaults:3 | Got Sif Muna's Directory of Nebulous Firn {god gift}
 53165 | Vaults:3 | Reached skill level 11 in Shields
 53619 | Vaults:3 | Found Vowauj's Armour Boutique.
 53636 | Vaults:3 | Found Yfo Atal's General Store.
 53651 | Vaults:3 | Reached skill level 15 in Spellcasting
 53871 | Vaults:3 | Noticed Zenata
 54191 | Vaults:3 | Killed Zenata
 54618 | Vaults:3 | Bought a potion of enlightenment for 80 gold pieces
 54641 | Vaults:3 | Identified the +1 ring mail "Yhaob" {rPois Will++ Dex-3}
 54911 | Vaults:3 | Reached skill level 12 in Shields
 55291 | Vaults:3 | Received a gift from Sif Muna
 55294 | Vaults:3 | Got Sif Muna's Vellum of Attacks and Ensorcelling {god
                  | gift}
 55379 | Vaults:3 | Found a staircase to the Crypt.
 55719 | Vaults:3 | Found a portal to a secret trove of treasure.
 55813 | Trove    | Entered a treasure trove
 55824 | Trove    | Got Sif Muna's Codex of Accomplices and Contamination
 55875 | Trove    | Got Sif Muna's Handbook of Created Corpses
 56077 | Vaults:4 | Reached XP level 21. HP: 183/183 MP: 4/41
 56258 | Vaults:4 | Reached skill level 13 in Shields
 56542 | Vaults:4 | Noticed blister's ghost (veteran OpSh)
 56542 | Vaults:4 | Noticed a profane servitor
 56730 | Vaults:4 | Killed a profane servitor
 57189 | Vaults:4 | Found a transporter.
 57193 | Vaults:4 | Found a transporter.
 57686 | Vaults:4 | Identified the +11 flail of the Candelabrum {holy, rPois
                  | MP+9}
 57686 | Vaults:4 | Identified the ring of Suzath {Int+4 Dex+6}
 57689 | Vaults:4 | Noticed an ancient lich
 57700 | Vaults:4 | Killed an ancient lich
 57709 | Vaults:4 | Found the +8 demon blade "Leech" {evervamp, Harm ^Drain
                  | rN+}
 57883 | Vaults:4 | Found Daedd's Armour Shoppe.
 58184 | Elf:1    | Entered Level 1 of the Elven Halls
 59005 | Elf:1    | Identified the maw talisman of Seghug {Str+4 Dex+3}
 59006 | Elf:1    | Paralysed by an air elemental for 1 turns
 59048 | Elf:1    | Reached skill level 14 in Shields
 60064 | Orc:2    | Bought the ring of Fifehoju {rElec rF++ rC- MP+9 Int-5} for
                  | 510 gold pieces
 60258 | Elf:1    | Found a shimmering blue altar of Sif Muna.
 61032 | Elf:2    | Paralysed by an air elemental for 1 turns
 61036 | Elf:2    | Paralysed by an air elemental for 1 turns
 61214 | Elf:2    | Identified the ring "Walok" {rPois rN+ rCorr}
 61349 | Elf:2    | Identified the +7 shortbow of Uca Qega {heavy, SInv}
 61371 | Elf:2    | Found a runed translucent door.
 61371 | Elf:2    | Found a shimmering altar of Xom.
 61371 | Elf:2    | Noticed dilly's ghost (adept CoEE)
 61429 | Elf:2    | Reached skill level 15 in Shields
 61516 | Elf:2    | Found a runed translucent gate.
 61516 | Elf:2    | Found a runed translucent gate.
 61516 | Elf:2    | Found a runed translucent gate.
 62081 | Elf:2    | Reached XP level 22. HP: 182/190 MP: 38/45
 62289 | Elf:3    | Entered Level 3 of the Elven Halls
 62762 | Elf:3    | Noticed Norris
 62777 | Elf:3    | Killed Norris
 62898 | Elf:3    | Found Mocsem's Overcharged Wands.
 63290 | Elf:3    | Noticed Roxanne
 63299 | Elf:3    | Killed Roxanne
 63464 | Elf:3    | Identified the ring "Oneuk" {Will+ Str+6 Dex+3}
 63467 | Elf:3    | Identified the +0 battleaxe of the Voracious God {freeze,
                  | Int+4 Dex+3}
 63472 | Elf:3    | Identified the +8 broad axe "Rerrium" {venom, rF+ rCorr
                  | Str+3 Stlth+}
 63809 | Elf:3    | Identified the +6 tower shield of the Shining Light {rC++
                  | Slay-4}
 63838 | Elf:3    | Identified the staff "Anoetzown" {rC+ Int+3 Ice}
 63944 | Elf:3    | Got the Almanac of Ill Luck and the Mortar
 64294 | Depths:1 | Entered Level 1 of the Depths
 64299 | Depths:1 | Received a gift from Sif Muna
 64602 | Depths:1 | Reached skill level 16 in Shields
 64735 | Depths:1 | Found a gateway to Hell.
 65169 | Depths:1 | Reached XP level 23. HP: 207/210 MP: 32/47
 65305 | Depths:1 | Got Sif Muna's Quarto of Bruises {god gift}
 65766 | Depths:1 | Reached skill level 17 in Shields
 65829 | Depths:1 | Found a one-way gate leading to the halls of Pandemonium.
 66068 | Depths:1 | Found a sparkling altar of Nemelex Xobeh.
 66727 | Depths:2 | Received a gift from Sif Muna
 66730 | Depths:2 | Got Sif Muna's Transmundane Archive of the Genius of the
                  | Arcane {god gift}
 66824 | Depths:2 | Reached skill level 18 in Shields
 66951 | Depths:2 | Found the +7 great mace "Firestarter" {flame, immolate,
                  | rFlCloud rF++}
 67171 | Depths:2 | Found a one-way gateway to a ziggurat.
 68137 | Depths:3 | Found Zin's Purification Station.
 68139 | Depths:3 | Found a glowing silver altar of Zin.
 68145 | Depths:3 | Bought a potion of curing for 90 gold pieces
 68201 | Depths:3 | Noticed a golden dragon
 68202 | Depths:3 | Noticed a golden dragon
 68202 | Depths:3 | Noticed a caustic shrike
 68204 | Depths:3 | Reached skill level 15 in Fighting
 68216 | Depths:3 | Killed a caustic shrike
 68241 | Depths:3 | Identified the +1 chain mail "Izitof" {rCorr}
 68435 | Depths:3 | Reached skill level 19 in Shields
 68437 | Depths:3 | Killed a golden dragon
 68868 | Depths:3 | Found a shadowy altar of Dithmenos.
 69089 | Depths:3 | Identified a scroll of acquirement
 69305 | Depths:3 | Killed a golden dragon
 69958 | Depths:4 | Entered Level 4 of the Depths
 69966 | Depths:4 | Received a gift from Sif Muna
 69966 | Depths:4 | Identified the +2 robe "Syitoafu" {Str+3}
 69966 | Depths:4 | Noticed Boris
 69973 | Depths:4 | Killed Boris
 69977 | Depths:4 | Got Piohak's Quarto of Polar Finality {god gift}
 69995 | Depths:4 | Reached XP level 24. HP: 219/229 MP: 25/47
 70313 | Depths:4 | Found a snail-covered altar of Cheibriados.
 70547 | Depths:4 | Reached skill level 20 in Shields
 71427 | Depths:4 | Found a gate to the Realm of Zot.
 71509 | Depths:4 | Found a hide-covered altar of Uskayaw.
 72037 | Slime:1  | Entered Level 1 of the Pits of Slime
 72044 | Slime:1  | Paralysed by a formless jellyfish for 1 turns
 72046 | Slime:1  | Received a gift from Sif Muna
 72193 | Slime:1  | Got Vinitoacw's Incunabulum of Bewitched Cryomancy {god
                  | gift}
 73054 | Slime:4  | Received a gift from Sif Muna
 73060 | Slime:4  | Got Sif Muna's Incunabulum of Battling {god gift}
 73900 | Slime:5  | Entered Level 5 of the Pits of Slime
 73909 | Slime:5  | Learned a level 2 spell: Blink
 74149 | Slime:5  | Reached ****** piety under Sif Muna
 74412 | Slime:5  | Reached skill level 21 in Shields
 74543 | Slime:5  | Noticed the Royal Jelly
 74544 | Slime:5  | Found a viscous altar of Jiyva.
 74899 | Slime:5  | Killed the Royal Jelly
 74900 | Slime:5  | Reached XP level 25. HP: 244/244 MP: 29/47
 75515 | Slime:5  | Identified the -2 pair of boots of Grace {rC+ rN++ Will-
                  | Slay+3}
 75524 | Slime:5  | Identified the serpent talisman of Komula Jefa {Int+6}
 75541 | Slime:5  | Identified the +1 leather armour of Typnaal {^Drain rF+
                  | Regen+ Str+3}
 75572 | Slime:5  | Got a slimy rune of Zot
 75589 | Slime:5  | Identified the ring of Zoyp {rN+ Will+ Int+3}
 76036 | Zot:1    | Entered Level 1 of the Realm of Zot
 76413 | Zot:1    | Found a shimmering altar of Xom.
 76431 | Zot:1    | Noticed a Killer Klown
 76434 | Zot:1    | Killed a Killer Klown
 76435 | Zot:1    | Noticed a Killer Klown
 76442 | Zot:1    | Killed a Killer Klown
 76857 | Zot:1    | Found a shimmering altar of Xom.
 76857 | Zot:1    | Found a shimmering altar of Xom.
 76857 | Zot:1    | Found a glowing silver altar of Zin.
 76857 | Zot:1    | Found a shimmering altar of Xom.
 76858 | Zot:1    | Found a shimmering altar of Xom.
 76859 | Zot:1    | Found a shimmering altar of Xom.
 76934 | Zot:1    | Received a gift from Sif Muna
 77007 | Zot:1    | Got Sif Muna's Incunable of Bones {god gift}
 78349 | Zot:2    | Reached skill level 22 in Shields
 79360 | Zot:3    | Received a gift from Sif Muna
 80318 | Zot:3    | Got Sif Muna's Secrets of Iron Points {god gift}
 81003 | Zot:4    | Identified the ring "Hoemuomegh" {Ice SInv}
 81003 | Zot:4    | Noticed Josephina
 81007 | Zot:4    | Killed Josephina
 81417 | Zot:4    | Reached XP level 26. HP: 261/261 MP: 40/47
 81508 | Zot:4    | Reached skill level 23 in Shields
 81960 | Zot:5    | Entered Level 5 of the Realm of Zot
 81975 | Zot:5    | Noticed a Killer Klown
 81976 | Zot:5    | Noticed a Killer Klown
 81989 | Zot:5    | Killed a Killer Klown
 81997 | Zot:5    | Killed a Killer Klown
 83164 | Zot:5    | Noticed a Killer Klown
 83169 | Zot:5    | Killed a Killer Klown
 83245 | Zot:5    | Noticed a dread lich
 83251 | Zot:5    | Killed a dread lich
 83353 | Zot:5    | Noticed an orb of fire
 83362 | Zot:5    | Killed an orb of fire
 83379 | Zot:5    | Reached skill level 24 in Shields
 83398 | Zot:5    | Noticed an orb of fire
 83402 | Zot:5    | Killed an orb of fire
 83419 | Zot:5    | Noticed an orb of fire
 83430 | Zot:5    | Killed an orb of fire
 83692 | Zot:5    | Noticed an orb of fire
 83699 | Zot:5    | Killed an orb of fire
 83702 | Zot:5    | Noticed an orb of fire
 83709 | Zot:5    | Gained mutation: Potions are less effective at restoring
                  | your health. [an orb of fire]
 83715 | Zot:5    | Killed an orb of fire
 84073 | Zot:5    | Noticed an orb of fire
 84078 | Zot:5    | Noticed an orb of fire
 84084 | Zot:5    | Killed an orb of fire
 84101 | Zot:5    | Noticed an orb of fire
 84102 | Zot:5    | Gained mutation: You are clumsy. (Dex -2) [an orb of fire]
 84115 | Zot:5    | Gained mutation: Your health recovers twice as slowly from
                  | being drained. [an orb of fire]
 84116 | Zot:5    | Gained mutation: You are dopey. (Int -2) [an orb of fire]
 84124 | Zot:5    | Killed an orb of fire
 84125 | Zot:5    | Reached skill level 25 in Shields
 84125 | Zot:5    | Lost mutation: You are clumsy. (Dex -2) [potion of
                  | mutation]
 84125 | Zot:5    | Lost mutation: Your health recovers twice as slowly from
                  | being drained. [potion of mutation]
 84125 | Zot:5    | Lost mutation: You are dopey. (Int -2) [potion of mutation]
 84125 | Zot:5    | Gained mutation: Your magical capacity is low. (-10% MP)
                  | [potion of mutation]
 84125 | Zot:5    | Gained mutation: You expend magic power (3 MP) to
                  | strengthen your wands. [potion of mutation]
 84198 | Zot:5    | Noticed an orb of fire
 84210 | Zot:5    | Killed an orb of fire
 84286 | Zot:5    | Noticed an orb of fire
 84294 | Zot:5    | Noticed an ancient lich
 84296 | Zot:5    | Killed an orb of fire
 84301 | Zot:5    | Killed an ancient lich
 84451 | Zot:5    | Killed an orb of fire
 84670 | Zot:5    | Noticed a Killer Klown
 84675 | Zot:5    | Killed a Killer Klown
 84676 | Zot:5    | Reached XP level 27. HP: 268/268 MP: 29/42
 85353 | Crypt:1  | Entered Level 1 of the Crypt
 85362 | Crypt:1  | Noticed Saint Roka
 85365 | Crypt:1  | Reached skill level 26 in Shields
 85379 | Crypt:1  | Killed Saint Roka
 85577 | Crypt:1  | Received a gift from Sif Muna
 86589 | Crypt:1  | Received a gift from Sif Muna
 86755 | Crypt:1  | Noticed Osipn's ghost (veteran MiGl)
 86756 | Crypt:1  | Found a runed translucent gate.
 86756 | Crypt:1  | Found a runed translucent gate.
 86756 | Crypt:1  | Found a runed translucent gate.
 87058 | Crypt:1  | Got the Cyclopedia of Left-Handed Spells
 87664 | Zot:5    | Got the Orb of Zot
 87847 | Zot:1    | Reached skill level 27 in Shields
 87944 | Depths:4 | Noticed Seaggoakh the pandemonium lord
 87975 | Depths:4 | Killed Seaggoakh the pandemonium lord
 88442 | D:$      | Escaped with the Orb!

Illustrated notes

Levels and vault maps discovered:
D:1:      spicycebolla_arrival_ecumenical, layout_loops_corners
D:2:      layout_loops_ring, uniq_sigmund
D:3:      layout_basic, minmay_hedge_maze, kennysheep_big_empty_room,
          uniq_terence
D:4:      layout_basic, mainiacjoe_overflow_boulevard, marbit_many_paths
D:5:      kennysheep_kobold_camp, layout_gridville, kennysheep_small_circle,
          uniq_menkaure
D:6:      layout_basic, minmay_temple_entry_junction, serial_rivers,
          chequers_serial_rivers_room_a, chequers_serial_rivers_large_a,
          chequers_serial_rivers_room_a, chequers_serial_rivers_micro_a,
          chequers_serial_rivers_small_b, serial_bayou_lake_a, uniq_maggie,
          uniq_duvessa
D:7:      layout_rooms
D:8:      layout_basic, lemuel_round_altar, special_room [special_room_orc],
          minmay_manual_mandibuliform
D:9:      layout_loops_ring, nicolae_vehumet_radiance, david_lair_generic,
          orc_david_3, uniq_maurice, uniq_grum, uniq_joseph, uniq_harold
D:10:     layout_basic, lightli_temple_of_fire, minitemple
D:11:     layout_cave_pools
D:12:     layout_stronghold, kennysheep_generic_room_3
D:13:     layout_layer_cave, erik_vaults_1
D:14:     layout_gridville, nicolae_wwwww
D:15:     hellmonk_depths_entry_around_the_bend, layout_stronghold,
          serial_glass, glass_columns_a, glass_columns_b,
          hangedman_abyss_or_decor_clamps, ashenzari_altar_1
Temple:   minmay_freezing_vapour_temple
Lair:1:   layout_hall_layers, nicolae_volcano_entry_batcave
Lair:2:   layout_cave_pods, grunt_megastairs_3
Lair:3:   layout_roguey, nicolae_swamp_entry_splash_gauntlet,
          spider_nest_entry_web_field
Lair:4:   layout_hall_layers, minmay_slime_entry_pillars, serial_bayou_shore_b
Lair:5:   hellmonk_lair_end_abyssal_woods, layout_hall_layers,
          serial_bayou_shore_b, lemuel_fruit_fields, grunt_megastairs_1
Swamp:1:  gammafunk_sealed_arena, layout_basic_swamp,
          ebering_ghost_reflecting_pool, hangedman_swamp_diagram
Swamp:2:  cheibrodos_swamp_tower_of_moss, layout_basic_swamp,
          evilmike_swamp_ruin_house_4, infiniplex_staircase_pool
Swamp:3:  layout_basic_swamp, evilmike_swamp_ruin_house_5
Swamp:4:  swamp, layout_basic_swamp, swamp_pool_5
Spider:1: layout_spider_delve, nicolae_spider_circle_web
Spider:2: layout_chambers
Spider:3: layout_cave_pods, portal_ice_cave_entry_ice_statue_one, uniq_azrael
Spider:4: guppyfry_spider_rune, nicolae_spider_not_touching_you
Slime:1:  layout_caves
Slime:2:  nicolae_slime_pool, layout_caves, cheibrodos_slime_lost_civilization_4
Slime:3:  layout_caves
Slime:4:  layout_caves, nicolae_slime_phagocytosis
Slime:5:  slime_pit_nicolae_jellycorners
Orc:1:    layout_diamond_mine, basic_altar, serial_shops,
          nicolae_shop_bloodbath_and_beyond, uniq_erica
Orc:2:    grunt_orc_gardens, layout_diamond_mine, grunt_orc_garden,
          grunt_orc_garden, grunt_orc_garden, grunt_orc_garden,
          nicolae_shop_firing_range
Elf:1:    elf_arrival_001, layout_geoelf_diagonals, minmay_elf_demonology,
          minivault_16, lemuel_upstairs_altar
Elf:2:    nicolae_elf_blades_crystal_corner, layout_gridlike, ebering_ghost_xom,
          moated_statue, patterned_corridor
Elf:3:    minmay_elf_hall_furrowed, layout_rooms,
          nicolae_shop_overcharged_wands, uniq_norris, uniq_roxanne
Vaults:1: vaults_standard_mumra_enter_the_diamond, v_pattern_5,
          nicolae_vaults_offset_grid_hallway_2,
          nicolae_vaults_storage_closets_2, ontoclasm_vaults_tryst,
          grunt_vaults_funnel, vaults_room_corners,
          nicolae_vaults_storage_room_glass, nicolae_vaults_sesquioval_fish,
          vaults_dpeg_encased_lava, nicolae_vaults_house_3,
          vaults_dpeg_emergency_exit, nicolae_vaults_asterisk,
          layout_vaults_maze_snakey, serial_shops, shop
Vaults:2: vaults_dpeg_doors, grunt_tower_of_power, v_misc_5,
          nicolae_vaults_offset_grid_hallway_3, vaults_dpeg_cross, v_misc_10,
          nicolae_vaults_turnstiles, grunt_vaults_bifocal, v_pattern_2,
          nicolae_vaults_ring_of_whatevers, layout_vaults_omnicross,
          serial_shops, shop_fountains, uniq_frederick
Vaults:3: v_rooms_5, dpeg_vaults_monster_box, hangedman_vaults_unwind,
          vaults_mumra_hex, vaults_mumra_minichess,
          nicolae_vaults_more_shelving_1, minmay_crypt_entry_simple_plaza,
          nicolae_vaults_house_2, nicolae_vaults_tangram_1,
          nicolae_vaults_layer_cake_slice, nicolae_vaults_two_Ls, st_more_cells,
          nicolae_vaults_specimen_jars, layout_vaults_ring, serial_shops, shop,
          nicolae_trove_entry_path_of_doom, uniq_zenata
Vaults:4: gammafunk_ghost_abyssal_escape,
          nicolae_vaults_you_can_take_it_with_you, v_misc_22, v_misc_10,
          nicolae_vaults_trapezoid_4, v_misc_9, hangedman_vaults_impose,
          ontoclasm_vaults_gateway, nicolae_vaults_taking_the_gang_shopping,
          nicolae_vaults_border_crossing, layout_vaults_chaotic_city
Crypt:1:  layout_gridlike, gammafunk_ghost_split, special_room
          [special_room_morgue], nicolae_crypt_lichyard, uniq_saint_roka
Depths:1: layout_gridlike, hell_entry, nemelex_diamond_rough_becter,
          rand_demon_pan_entry_1, evilmike_ambush [evilmike_ambush_outer_basic,
          evilmike_ambush_inner_basic], grunt_megastairs_5
Depths:2: minmay_firetagon, layout_gridlike, enter_ziggurat_f, hell_entry,
          roderic_nine_men_s_morris, grunt_pan_entry_in_and_out,
          serial_bayou_shore_b, infiniplex_staircase_pool_1
Depths:3: minmay_the_grid_square_5x5_4x4_mashed
          [minmay_the_grid_square_5x5_minibox,
          minmay_the_grid_square_5x5_one_wall,
          minmay_the_grid_square_5x5_bridge, minmay_the_grid_square_5x5_z,
          minmay_the_grid_square_5x5_inner_i,
          minmay_the_grid_square_5x5_prize_junk,
          minmay_the_grid_square_5x5_prize_monsterx,
          minmay_the_grid_square_5x5_tie, minmay_the_grid_square_5x5_tri_point,
          minmay_the_grid_square_5x5_prize_deathbox,
          minmay_the_grid_square_5x5_prize_snowflake,
          minmay_the_grid_square_5x5_pentomino_r,
          minmay_the_grid_square_5x5_slash, minmay_the_grid_square_5x5_shrine1,
          minmay_the_grid_square_5x5_comb, minmay_the_grid_square_5x5_empty],
          layout_gridlike, infiniplex_staircase_zigzag_1, abyss_entry,
          hell_entry, zin_purify
Depths:4: evilmike_zot_entry_gauntlet, layout_gridlike, hell_entry,
          nicolae_uskayaw_murder_on_the_dancefloor, slow_altar_1, uniq_boris
Zot:1:    dreamdust_zin_vs_xom, layout_cathedral_of_symmetry,
          hangedman_zot_decor_tridents
Zot:2:    layout_cathedral_of_symmetry, regret_index_zotdec_glowing_original
Zot:3:    layout_concentric_octagons
Zot:4:    layout_concentric_octagons, st_stairs_14, uniq_josephina
Zot:5:    layout_twisted_circle

Skill      XL: |  1  2  3  4  5  6  7  8  9 10 11 12 13 14 15 16 17 18 19 20 21 22 23 24 25 26 27 |
---------------+----------------------------------------------------------------------------------+-----
Spellcasting   | 3 4 5 7 8 11 12 13 14 16 19 20 | 20.0
Summonings     | 5 6 7 8 11 13 15 16 18 20 21 23 25 26 | 26.9
Fire Magic     | 1 3 |  3.0
Fighting       | 5 6 10 13 16 18 20 | 20.5
Shields        | 5 10 12 15 16 19 21 22 25 27 | 27.0
Invocations    | 5 9 10 | 10.0
Dodging        | |  1.5
Stealth        | |  3.0

Action                     |  1- 3 |  4- 6 |  7- 9 | 10-12 | 13-15 | 16-18 | 19-21 | 22-24 | 25-27 || total
---------------------------+-------+-------+-------+-------+-------+-------+-------+-------+-------++-------
  Melee: Dagger            |    12 |       |       |       |       |       |       |       |       ||    12
         Unarmed           |     2 |       |       |       |       |       |       |       |       ||     2
         Spear             |       |     7 |    31 |    47 |    24 |     3 |       |       |       ||   112
         Constrict         |       |       |       |       |     6 |    16 |     4 |     5 |       ||    31
         Short sword       |       |       |       |       |       |    52 |    26 |    12 |       ||    90
         Staff             |       |       |       |       |       |       |       |    15 |    15 ||    30
  Throw: Dart              |       |       |       |     1 |       |       |       |       |       ||     1
         Throwing net      |       |       |       |     1 |       |       |       |       |       ||     1
   Cast: Summon Small Mamm |    18 |       |       |       |     1 |       |       |       |       ||    19
         Call Imp          |    18 |     6 |     3 |       |       |       |       |       |       ||    27
         Call Canine Famil |     4 |    15 |    14 |    10 |       |       |       |       |       ||    43
         Summon Blazeheart |       |       |    34 |    87 |       |     1 |       |       |       ||   122
         Monstrous Menager |       |       |       |     7 |   232 |   308 |    11 |       |       ||   558
         Summon Mana Viper |       |       |       |     2 |    17 |       |       |       |       ||    19
         Martyr's Knell    |       |       |       |       |    35 |    49 |    37 |       |       ||   121
         Summon Cactus Gia |       |       |       |       |    59 |   115 |     4 |       |       ||   178
         Summon Horrible T |       |       |       |       |       |    24 |    59 |    62 |    79 ||   224
         Dragon's Call     |       |       |       |       |       |       |    70 |    82 |    71 ||   223
         Blink             |       |       |       |       |       |       |       |     2 |       ||     2
         Shatter           |       |       |       |       |       |       |       |       |     1 ||     1
 Invoke: Channel Magic     |       |       |       |     1 |     6 |    11 |     6 |     9 |    10 ||    43
         Forget Spell      |       |       |       |       |       |     1 |       |       |       ||     1
         Divine Exegesis   |       |       |       |       |       |       |       |       |     1 ||     1
Ability: Spit Poison       |     1 |       |     2 |       |       |       |       |       |       ||     3
  Evoke: Wand              |       |       |       |     4 |     3 |       |     1 |     3 |       ||    11
    Use: Scroll            |       |       |       |    15 |     7 |    14 |     7 |    18 |    14 ||    75
         Potion            |       |       |       |     2 |       |     4 |     1 |    11 |     7 ||    25
   Stab: Distracted        |       |     1 |     1 |       |     1 |     2 |       |     1 |       ||     6
         Paralysed         |       |       |       |       |     2 |       |       |       |       ||     2
 Armour: Robe              |    34 |    19 |    70 |   203 |   186 |   370 |   238 |   229 |   170 ||  1519
  Dodge: Dodged            |    19 |     9 |    27 |    77 |    61 |    69 |    41 |    29 |    21 ||   353
  Block: Kite shield       |       |       |       |    66 |    56 |   229 |    88 |    28 |       ||   467
         Tower shield      |       |       |       |       |       |       |       |   147 |   175 ||   322

Table legend: (Time is in decaauts)
 A = Elapsed time spent in this place.
 B = Non-inter-level travel time spent in this place.
 C = Inter-level travel time spent in this place.
 D = Time resting spent in this place.
 E = Time spent auto-exploring this place.
 F = Levels seen in this place.
 G = Mean time per level.
                   A        B        C        D        E       F      G
               +--------+--------+--------+--------+--------+-----+--------+
         Total | 105131 |  96551 |   8580 |  24901 |  54579 |  55 | 1911.5 |
       Dungeon |  25271 |  22261 |   3010 |   2434 |  15995 |  15 | 1684.7 |
        Temple |     18 |     18 |      0 |      0 |      0 |   1 |   18.0 |
          Lair |  11454 |  10511 |    943 |   1963 |   6806 |   5 | 2290.8 |
         Swamp |   7168 |   6963 |    205 |   1029 |   4744 |   4 | 1792.0 |
   Spider Nest |  10026 |   9575 |    451 |   2155 |   5891 |   4 | 2506.5 |
    Slime Pits |   4199 |   3988 |    211 |   1875 |   1348 |   5 |  839.8 |
  Orcish Mines |   3045 |   2757 |    288 |    421 |   1927 |   2 | 1522.5 |
   Elven Halls |   6741 |   6090 |    651 |   2401 |   2557 |   3 | 2247.0 |
        Vaults |  12377 |  11481 |    896 |   4171 |   5126 |   4 | 3094.2 |
         Crypt |   2088 |   2039 |     49 |    693 |   1045 |   1 | 2088.0 |
        Depths |   9642 |   8651 |    991 |   3490 |   3592 |   4 | 2410.5 |
           Zot |  11111 |  10230 |    881 |   3340 |   5370 |   5 | 2222.2 |
         Trove |    109 |    109 |      0 |      0 |      0 |   1 |  109.0 |
      Ice Cave |   1876 |   1876 |      0 |    929 |    173 |   1 | 1876.0 |
               +--------+--------+--------+--------+--------+-----+--------+

Top non-repeatable levels by time:
Vaults:2: 3526 daAuts
   Zot:5: 3478 daAuts
Vaults:3: 3313 daAuts
  Lair:5: 3239 daAuts
Vaults:1: 3157 daAuts
Spider:4: 2727 daAuts
Spider:1: 2702 daAuts
Spider:2: 2683 daAuts
Depths:4: 2658 daAuts
    D:13: 2588 daAuts
Depths:1: 2557 daAuts
   Elf:1: 2548 daAuts
    D:12: 2449 daAuts
   Elf:2: 2431 daAuts
  Lair:2: 2400 daAuts
